 Dungeon Crawl Stone Soup version 0.28-a0-643-g84cb2ea78e (webtiles) character file.

Game seed: 16235034169240238565

23469 bjtr the Thaumaturge (level 12, -2/81 HPs)
             Began as a Demigod Conjurer on Oct 10, 2021.
             Slain by Rupert (27 damage)
             ... on level 13 of the Dungeon.
             The game lasted 01:39:10 (20230 turns).

bjtr the Thaumaturge (Demigod Conjurer)            Turns: 20230, Time: 01:39:13

Health: -2/81      AC: 15    Str: 12    XL:     12   Next: 39%
Magic:  6/31       EV: 15    Int: 32    God:
Gold:   2108       SH:  0    Dex: 12    Spells: 12/32 levels left

rFire   . . .      SeeInvis .   a - +2 scimitar (freeze)
rCold   . . .      Faith    .   (no shield)
rNeg    . . .      Spirit   .   H - +0 troll leather armour
rPois   .          Reflect  .   s - +2 helmet
rElec   .          Harm     .   c - +2 cloak
rCorr   .          Rampage  .   (no gloves)
Will    ++...                   (no boots)
Stlth   ++........              L - amulet of magic regeneration
HPRegen 1.23/turn               Q - ring of willpower
MPRegen 0.47/turn               J - +4 ring of protection

@: no status effects
A: high mp 1, forlorn
a: no special abilities


You were on level 13 of the Dungeon.
You visited 1 branch of the dungeon, and saw 13 of its levels.

You collected 2683 gold pieces.
You spent 575 gold pieces at shops.

Inventory:

Hand Weapons
 a - a +2 scimitar of freezing (weapon)
 b - a +0 hand crossbow
 h - a +4 long sword
 l - a +2 dagger of holy wrath
 w - a +1 vampiric short sword
 A - a +1 short sword of draining
 N - a +2 vorpal flail
 P - a +0 vorpal war axe
 R - a +3 great sword
 S - a +0 scimitar
 T - a +0 halberd of venom
Missiles
 i - 37 poisoned darts
 o - 8 throwing nets
 r - 4 atropa-tipped darts
 F - 121 bolts
 U - 2 silver javelins (quivered)
Armour
 c - a +2 cloak (worn)
 q - the +6 tower shield of Fortification {rElec rF- rN+ Str+3}
   (You took it off an orc wizard on level 9 of the Dungeon)

   Str:       It affects your strength (+3).
   rF:        It makes you vulnerable to fire.
   rElec:     It insulates you from electricity.
   rN:        It protects you from negative energy.
 s - a +2 helmet (worn)
 u - a +0 leather armour of fire resistance
 y - +0 steam dragon scales
 H - a +0 troll leather armour (worn)
 V - a +2 robe of willpower
Jewellery
 g - a ring of resist corrosion
 m - a ring of poison resistance
 E - a +4 ring of slaying
 J - a +4 ring of protection (right hand)
 L - an amulet of magic regeneration (around neck)
 O - a ring of positive energy
 Q - a ring of willpower (left hand)
Wands
 e - a wand of acid (6)
 n - a wand of mindburst (13)
 C - a wand of iceblast (25)
 I - a wand of digging (9)
Scrolls
 f - a scroll of silence
 j - 3 scrolls of magic mapping
 k - 5 scrolls of teleportation
 p - a scroll of amnesia
 t - a scroll of identify
 G - 5 scrolls of fear
 X - a scroll of immolation
Potions
 d - 2 potions of magic
 v - a potion of ambrosia
 x - 3 potions of flight
 z - 6 potions of curing
 B - 2 potions of lignification
 D - a potion of brilliance
 K - a potion of haste
 M - 2 potions of attraction


   Skills:
 + Level 5.0 Armour
 * Level 9.6 Dodging
 - Level 1.7 Stealth
 * Level 5.6 Shields
 + Level 10.5 Spellcasting
 + Level 7.5 Conjurations
 + Level 9.0 Fire Magic


You had 12 spell levels left.
You knew the following spells:

 Your Spells              Type           Power      Damage    Failure   Level
a - Magic Dart            Conj           100%       1d8       1%          1
b - Searing Ray           Conj           100%       2d8       1%          2
c - Scorch                Fire           100%       2d10      1%          2
d - Flame Wave            Conj/Fire      63%        3d11      1%          4
e - Sticky Flame          Conj/Fire      63%        2d8       1%          4
f - Iskenderun's Mystic   Conj/Tloc      40%        2d9       8%          4
g - Confusing Touch       Hex            16%        N/A       11%         3

Your spell library contained the following spells:

 Spells                   Type           Power      Damage    Failure   Level
 Conjure Flame            Conj/Fire      63%        6-21      1%          3
 Dazzling Flash           Conj/Hex       80%        N/A       2%          3
 Ignite Poison            Fire/Tmut/Pois 36%        N/A       3%          3
 Slow                     Hex            16%        N/A       5%          2
 Fulminant Prism          Conj/Hex       20%        3d13      8%          4
 Vampiric Draining        Necr           8%         2d7       11%         3
 Yara's Violent Unravell  Hex/Tmut       8%         3d5       71%         5
 Summon Cactus Giant      Summ           8%         N/A       99%         6


Dungeon Overview and Level Annotations

Branches:
Dungeon (13/15) Temple (0/1) D:4 Lair (0/6) D:11 Orc (0/2) D:9 Vaults (0/5) D:12 D:13

Shops:
D:10 !   D:12 [

Portals:
Trove: D:11 (give 3 potions of resistance)

Annotations:
D:6 2 transporters, helsbecter's ghost, novice MiBe
D:8 2 transporters
D:11 exclusion: oklob plant
D:13 Kirke; Nessos; Rupert; Urug


Innate Abilities, Weirdness & Mutations

Your attributes grow dramatically as you level up.
You have an increased reservoir of magic. (+10% MP)
You shall have no god before yourself.


Message History

The wizard is no longer more vulnerable to fire.
Rupert hits you with a +2 great mace of distortion!
Unknown command.
Casting: Sticky Flame (mildly dangerous; 1% risk of failure)
Confirm with . or Enter, or press ? or * to list all spells.
Flames lash the efreet.
The efreet completely resists.
Rupert burns!
Rupert completely misses you.
Unknown command.
Casting: Scorch (safe; 1% risk of failure)
Confirm with . or Enter, or press ? or * to list all spells.
Aiming: Sticky Flame (mildly dangerous; 1% risk of failure)
Press: ? - help, Shift-Dir - straight line, f/p - Rupert
Aim: Rupert, wielding a +2 great mace of distortion and wearing a +0 leather armour (severely wounded, covered in liquid flames, more vulnerable to fire, 100% to hit)
The sticky flame hits Rupert!
Rupert is burned terribly!
Rupert is severely wounded.
Rupert is covered in liquid flames!
Rupert burns!
Rupert roars madly and goes into a rage!
Rupert goes berserk!
Unknown command.
Okay, then.
Unknown command.
Casting: Sticky Flame (mildly dangerous; 1% risk of failure)
Confirm with . or Enter, or press ? or * to list all spells.
You erupt in a blast of force!
The mystic blast hits the efreet.
The efreet is almost dead.
The efreet is knocked back by the mystic blast.
The efreet slams into the rock wall!
You kill the efreet!
The mystic blast hits Rupert!
Rupert is almost dead.
Rupert is knocked back by the mystic blast.
Rupert slams into the rock wall!
Rupert burns!
Rupert misses you.
Unknown command.
You hit Rupert. You freeze Rupert.
Rupert is almost dead.
Rupert burns!
Rupert hits you with a +2 great mace of distortion!!
Space warps horribly around you!
Rupert hits you with a +2 great mace of distortion!!
You die...

#..# ##.#
#.# #.#
####'##
#.....#
#.....######
#.....'....#
#.....####@#
#.....#
#.@)p....
#.....#
#####....
#.....# ..
#.....#
####'###
#.).#
########.###
#.<........#


You could see Rupert (berserk, burning, combustible) and a wizard.

Vanquished Creatures
  Jorgrun (D:12)
  2 hydras
  Erolcha (D:13)
  A boulder beetle (D:12)
  A centaur warrior (D:13)
  2 two-headed ogres
  3 skeletal warriors (D:12)
  A deep elf pyromancer (D:12)
  3 manticores
  2 ugly things
  2 centaur zombies (D:12)
  3 kobold demonologists
  An efreet (D:13)
  3 trolls
  A hornet (D:9)
  4 slime creatures (D:13)
  A meliai zombie (D:11)
  A shadow (D:11)
  A wyvern (D:6)
  3 wraiths
  5 humans (D:12)
  A water elemental (D:11)
  Grum (D:11)
  A hog (D:12)
  28 yaks
  A steam dragon (D:4)
  2 water moccasins
  A hornet zombie (D:7)
  3 ice beasts
  2 black bears
  5 orc warriors
  2 centaurs
  4 wolves (D:11)
  A phantom (D:6)
  7 kobold brigands
  Blork the orc (D:4)
  3 bullfrogs
  A gnoll sergeant (D:9)
  A scorpion (D:5)
  A wyvern skeleton (D:5)
  2 water moccasin skeletons
  6 killer bees (D:10)
  7 wights
  5 electric eels
  3 howler monkeys
  3 hounds
  2 jellies
  2 iguanas
  3 orc priests
  2 gnoll shamans
  10 orc wizards
  2 killer bee zombies
  2 howler monkey zombies (D:10)
  20 gnolls
  8 adders
  A white imp (D:7)
  2 worms (D:2)
  4 dart slugs
  33 orcs
  15 ball pythons
  4 bats
  9 endoplasms
  7 giant cockroaches
  9 hobgoblins
  2 jackals (D:4)
  8 quokkas
  5 frilled lizards
  14 goblins
  36 kobolds
  5 rats
339 creatures vanquished.

Vanquished Creatures (others)
  37 plants
37 creatures vanquished.

Grand Total: 376 creatures vanquished

Notes
Turn   | Place    | Note
-------+----------+-------------------------------------------
     0 | D:1      | bjtr the Demigod Conjurer began the quest for the Orb.
     0 | D:1      | Reached XP level 1. HP: 14/14 MP: 5/5
   319 | D:1      | Reached XP level 2. HP: 20/20 MP: 0/7
   322 | D:1      | Learned a level 2 spell: Searing Ray
   463 | D:1      | Reached skill level 2 in Spellcasting
   916 | D:1      | Reached XP level 3. HP: 12/26 MP: 0/8
  1559 | D:2      | Reached skill level 1 in Armour
  1988 | D:2      | Reached XP level 4. HP: 33/33 MP: 4/10
  2619 | D:3      | Reached XP level 5. HP: 38/38 MP: 6/12
  2629 | D:3      | Reached skill level 3 in Spellcasting
  4048 | D:4      | Noticed a steam dragon
  4129 | D:4      | Killed a steam dragon
  4130 | D:4      | Reached skill level 5 in Conjurations
  4130 | D:4      | Reached XP level 6. HP: 11/45 MP: 4/14
  4911 | D:4      | Noticed Blork the orc
  4915 | D:4      | Killed Blork the orc
  4916 | D:4      | Reached skill level 4 in Spellcasting
  4916 | D:4      | Reached skill level 1 in Fire Magic
  5108 | D:4      | Reached XP level 7. HP: 50/50 MP: 12/16
  5328 | D:4      | Found a staircase to the Ecumenical Temple.
  5343 | D:4      | Learned a level 2 spell: Scorch
  5348 | D:4      | Learned a level 4 spell: Flame Wave
  5353 | D:4      | Learned a level 4 spell: Sticky Flame
  5931 | D:4      | Identified 2 scrolls of acquirement
  5931 | D:4      | Acquired 919 gold pieces
  5932 | D:4      | Acquired 854 gold pieces
  5978 | D:5      | Entered Level 5 of the Dungeon
  6576 | D:5      | Noticed a yak
  6579 | D:5      | Noticed a yak
  6584 | D:5      | Killed a yak
  6585 | D:5      | Reached skill level 5 in Spellcasting
  6590 | D:5      | Noticed a yak
  6598 | D:5      | Killed a yak
  6599 | D:5      | Reached XP level 8. HP: 57/57 MP: 6/19
  7772 | D:6      | Identified the +0 ring mail "Dirgh" {+Inv Will- Int+4}
  7772 | D:6      | Identified the -4 kite shield of Gestures {Harm rN+ Dex+3}
  7812 | D:6      | Found a transporter.
  7887 | D:6      | Noticed helsbecter's ghost (novice MiBe)
  7899 | D:6      | Found a transporter.
  7955 | D:6      | Reached skill level 6 in Spellcasting
  8758 | D:7      | Learned a level 4 spell: Iskenderun's Mystic Blast
  9482 | D:7      | Reached XP level 9. HP: 54/62 MP: 15/22
  9521 | D:7      | Learned a level 3 spell: Confusing Touch
  9547 | D:7      | Reached skill level 5 in Dodging
 11892 | D:8      | Reached skill level 5 in Fire Magic
 12079 | D:8      | Reached skill level 7 in Spellcasting
 12851 | D:8      | Found a transporter.
 12853 | D:8      | Noticed a boulder beetle
 12854 | D:8      | Found a transporter.
 13851 | D:9      | Reached XP level 10. HP: 46/69 MP: 13/25
 14243 | D:9      | Reached skill level 8 in Spellcasting
 14248 | D:9      | Identified the +6 tower shield of Fortification {rElec rF-
                  | rN+ Str+3}
 14398 | D:9      | Found a staircase to the Orcish Mines.
 14401 | D:9      | Noticed a two-headed ogre
 14408 | D:9      | Killed a two-headed ogre
 14993 | D:10     | Entered Level 10 of the Dungeon
 15092 | D:10     | Reached skill level 1 in Shields
 15250 | D:10     | Found Ulok's Distillery.
 15357 | D:10     | Bought a potion of heal wounds for 75 gold pieces
 15357 | D:10     | Bought a potion of haste for 150 gold pieces
 15357 | D:10     | Bought a potion of heal wounds for 75 gold pieces
 15636 | D:10     | Noticed a red ugly thing
 15772 | D:10     | Killed a red ugly thing
 16391 | D:10     | Noticed a two-headed ogre
 16408 | D:10     | Killed a two-headed ogre
 16409 | D:10     | Reached skill level 9 in Spellcasting
 16409 | D:10     | Reached XP level 11. HP: 52/74 MP: 24/28
 17137 | D:11     | Found a portal to a secret trove of treasure.
 17138 | D:11     | Noticed Grum
 17146 | D:11     | Killed Grum
 17576 | D:11     | Upgraded the game from 0.28-a0-631-g0446da8ef9 to
                  | 0.28-a0-643-g84cb2ea78e
 17903 | D:11     | Noticed a six-headed hydra
 18066 | D:11     | Found a staircase to the Lair.
 18326 | D:11     | Killed a six-headed hydra
 18653 | D:12     | Noticed a seven-headed hydra
 18660 | D:12     | Killed a seven-headed hydra
 18759 | D:12     | Noticed Jorgrun
 18796 | D:12     | Killed Jorgrun
 19067 | D:12     | Found Uguwargh's Antique Armour Boutique.
 19075 | D:12     | Bought a pair of twisted gloves for 275 gold pieces
 19075 | D:12     | Identified the -5 pair of gloves of Potta {Regen+ rCorr
                  | Int-5} (You bought it in a shop on level 12 of the Dungeon)
 19130 | D:12     | Noticed a boulder beetle
 19147 | D:12     | Killed a boulder beetle
 19162 | D:12     | Noticed a sun demon
 19354 | D:12     | Reached skill level 10 in Spellcasting
 19356 | D:12     | Reached skill level 5 in Armour
 19538 | D:12     | Reached XP level 12. HP: 81/81 MP: 30/30
 19780 | D:13     | Noticed Nessos
 19780 | D:13     | Noticed Urug
 19780 | D:13     | Noticed Rupert
 19780 | D:13     | Noticed a centaur warrior
 19780 | D:13     | Noticed Kirke
 19780 | D:13     | Found a gate to the Vaults.
 19787 | D:12     | Reached skill level 5 in Shields
 19981 | D:13     | Noticed Erolcha
 19999 | D:13     | Killed Erolcha
 20221 | D:13     | Killed a centaur warrior
 20230 | D:13     | Slain by Rupert

Illustrated notes

Levels and vault maps discovered:
D:1:      beargit_arrival_diablo_church, layout_basic
D:2:      layout_loops_ring, minmay_domino_4
D:3:      layout_loops_corners, lemuel_blue_sif_altar, lemuel_round_altar
D:4:      layout_loops_corners, minmay_temple_entry_tees, uniq_blork_the_orc
D:5:      layout_loops_ring, lemuel_coloured_pillars_altar, tso_metal_star,
          mainiacjoe_overflow_boulevard, minmay_misc_feat_ornament,
          kennysheep_cross_room
D:6:      layout_rooms, gammafunk_ghost_gnarly_gnolls
D:7:      layout_loops_ring, serial_bayou, serial_bayou_ford_a,
          serial_bayou_pond_e, serial_bayou_shore_a, serial_bayou_crossing,
          serial_bayou_pond_a
D:8:      gammafunk_boulding_lane, layout_loops_cross,
          mainiacjoe_overflow_small_starburst, general_overflow_altar,
          nzn_hepliaklqana_mist_gate, grunt_ministairs_3
D:9:      layout_loops_ring, david_orc_3
D:10:     layout_loops_corners, trog_hazing_becter,
          mainiacjoe_overflow_alcove_4, serial_shops, shop
D:11:     layout_basic, dpeg_oklobed_lair, enter_trove_1, elyvilon_altar_5,
          uniq_grum
D:12:     layout_small_grid, serial_shops, shop,
          lemuel_zombie_altar_yredelemnul, uniq_jorgrun
D:13:     layout_roguey, david_vaults_3, glass_columns_a, uniq_erolcha,
          uniq_kirke

Skill      XL: |  1  2  3  4  5  6  7  8  9 10 11 12 |
---------------+-------------------------------------+-----
Spellcasting   | 2 3 4 5 6 7 9 10 | 10.5
Dodging        | 2 3 4 6 7 8 9 |  9.6
Conjurations   | 4 5 6 7 |  7.5
Armour         | 1 2 3 4 5 |  5.0
Fire Magic     | 1 2 4 6 7 8 9 |  9.0
Shields        | 2 4 5 |  5.6
Stealth        | |  1.7

Action                   |  1- 3 |  4- 6 |  7- 9 | 10-12 || total
-------------------------+-------+-------+-------+-------++-------
Melee: Dagger            |    14 |     5 |       |       ||    19
       Halberd           |       |    33 |       |       ||    33
       Scimitar          |       |     1 |   173 |   111 ||   285
       Flail             |       |       |       |     7 ||     7
 Fire: Hand crossbow     |       |       |     2 |     2 ||     4
Throw: Javelin           |       |       |       |     4 ||     4
 Cast: Magic Dart        |    29 |       |       |     9 ||    38
       Searing Ray       |    27 |    50 |    16 |    35 ||   128
       Scorch            |       |       |    47 |    46 ||    93
       Sticky Flame      |       |       |    12 |    32 ||    44
       Flame Wave        |       |       |    15 |    18 ||    33
       Iskenderun's Myst |       |       |     1 |     9 ||    10
       Confusing Touch   |       |       |       |     3 ||     3
Evoke: Wand              |       |       |     2 |    10 ||    12
  Use: Scroll            |       |     5 |    17 |     7 ||    29
       Potion            |       |     1 |     1 |     4 ||     6
 Stab: Sleeping          |       |     1 |     2 |       ||     3
       Invisible         |       |       |       |     1 ||     1
Armor: Robe              |     8 |     1 |       |       ||     9
       Leather armour    |       |     8 |       |       ||     8
       Steam dragon scal |       |    15 |   107 |    76 ||   198
       Troll leather arm |       |       |       |    97 ||    97
Dodge: Dodged            |    27 |    59 |   182 |   274 ||   542

Table legend: (Time is in decaauts)
 A = Elapsed time spent in this place.
 B = Non-inter-level travel time spent in this place.
 C = Inter-level travel time spent in this place.
 D = Time resting spent in this place.
 E = Time spent auto-exploring this place.
 F = Levels seen in this place.
 G = Mean time per level.
                   A        B        C        D        E       F      G
               +--------+--------+--------+--------+--------+-----+--------+
         Total |  20455 |  19801 |    654 |   7137 |   9229 |  13 | 1573.5 |
       Dungeon |  20455 |  19801 |    654 |   7137 |   9229 |  13 | 1573.5 |
               +--------+--------+--------+--------+--------+-----+--------+

Top non-repeatable levels by time:
     D:7: 2957 daAuts
    D:11: 1949 daAuts
     D:4: 1917 daAuts
     D:8: 1772 daAuts
     D:9: 1769 daAuts
    D:10: 1730 daAuts
     D:3: 1546 daAuts
     D:5: 1540 daAuts
     D:2: 1281 daAuts
    D:12: 1274 daAuts
     D:1: 1250 daAuts
     D:6: 1158 daAuts
    D:13: 306 daAuts
